 Dungeon Sprint DCSS version 0.28-a0-909-g796cbd3a86 (webtiles) character file.

Game seed: 1549329500017002331

6127 mhtbhm the Fencer (level 10, -1/101 HPs)
             Began as a Minotaur Fighter on Nov 24, 2021.
             Was an Initiate of Gozag.
             Slain by a 16-headed hydra (12 damage)
             ... in the Dungeon (Sprint IX: "|||||||||||||||||||||||||||||").
             The game lasted 00:02:34 (896 turns).

mhtbhm the Fencer (Minotaur Fighter)                 Turns: 896, Time: 00:02:34

Health: -1/101     AC: 18    Str: 25    XL:     10   Next: 59%
Magic:  9/9        EV: 12    Int:  8    God:    Gozag
Gold:   1262       SH:  6    Dex: 12    Spells: 9/9 levels left

rFire   + . .      SeeInvis .   a - +2 scimitar (protect)
rCold   . . .      Faith    .   c - +0 buckler
rNeg    . . .      Spirit   .   b - +1 scale mail {rF+}
rPois   .          Reflect  .   (helmet restricted)
rElec   .          Harm     .   (no cloak)
rCorr   .          Rampage  .   m - +0 pair of gloves
Will    .....      NoTele   +   (no boots)
Stlth   +++.......              (no amulet)
HPRegen 0.26/turn               n - +3 ring of intelligence
MPRegen 0.11/turn               o - +3 ring of dexterity

@: gold aura, under a protective aura
A: horns 2, retaliatory headbutt
a: Renounce Religion, Potion Petition, Call Merchant, Bribe Branch


You were in the Dungeon.
You worshipped Gozag.
Gozag was most pleased with you.
You visited 1 branch You collected 1962 gold pieces.
You paid 700 gold pieces to Gozag.

Inventory:

Hand Weapons
 a - a +2 scimitar of protection (weapon)
Missiles
 i - a curare-tipped dart (quivered)
 q - 8 poisoned darts
Armour
 b - a +1 scale mail of fire resistance (worn)
 c - a +0 buckler (worn)
 m - a +0 pair of gloves (worn)
Jewellery
 n - a +3 ring of intelligence (left hand)
 o - a +3 ring of dexterity (right hand)
Scrolls
 j - 3 scrolls of blinking
 k - 2 scrolls of amnesia
 r - 2 scrolls of enchant armour
 s - a scroll of fog
 t - a scroll of identify
 u - 2 scrolls of enchant weapon
Potions
 d - a potion of might
 e - 5 potions of curing
 f - 5 potions of heal wounds
 g - a potion of brilliance
 h - 5 potions of magic
 p - 2 potions of mutation
Miscellaneous
 l - a phantom mirror


   Skills:
 + Level 13.5 Fighting
 + Level 17.6 Long Blades
 + Level 12.4 Armour
 + Level 5.6 Dodging
 + Level 9.2 Stealth
 + Level 9.8 Shields
 + Level 5.8 Evocations


You had 9 spell levels left.
You didn't know any spells.
Your spell library was empty.

Dungeon Overview and Level Annotations

Branches:
Dungeon (1/1)

Altars:
Cheibriados
Dithmenos
Elyvilon
Fedhas
Gozag
Hepliaklqana
Kikubaaqudgha
Makhleb
Nemelex Xobeh
Okawaru
Qazlal
Ru
Sif Muna
Trog
Uskayaw
Vehumet
Wu Jian
Xom
Yredelemnul
Zin
The Shining One
Beogh
Jiyva
Lugonu


Innate Abilities, Weirdness & Mutations

You have a pair of horns on your head.
You reflexively headbutt those who attack you in melee.


Message History

The 11-headed hydra grows two more!
You slice the 13-headed hydra!!
The 13-headed hydra is heavily wounded.
The bullfrog is distracted by your dazzling golden aura.
The 13-headed hydra is distracted by your dazzling golden aura.
Unknown command.
The bullfrog croaks.
The 13-headed hydra roars!
You hack one of the 13-headed hydra's heads off!
The 12-headed hydra grows two more!
You slice the 14-headed hydra!!
The 14-headed hydra is no longer distracted by gold.
The 14-headed hydra is severely wounded.
The 14-headed hydra completely misses you.
You block the 14-headed hydra's attack. The 14-headed hydra bites you.
The 14-headed hydra barely misses you. The 14-headed hydra bites you.
You block the 14-headed hydra's attack.
The 14-headed hydra bites you but does no damage. x3
The 14-headed hydra closely misses you. The 14-headed hydra bites you.
The 14-headed hydra bites you but does no damage. x2
The 14-headed hydra closely misses you.
You hack one of the 14-headed hydra's heads off!
The 13-headed hydra grows two more!
You slice the 15-headed hydra!!
The 15-headed hydra is severely wounded.
Unknown command.
You lop one of the 15-headed hydra's heads off!
The 14-headed hydra grows two more!
You slash the 16-headed hydra!
The 16-headed hydra is severely wounded.
The bullfrog is no longer distracted by gold.
The 16-headed hydra bites you but does no damage.
You block the 16-headed hydra's attack. x3
The 16-headed hydra closely misses you. x2; The 16-headed hydra bites you.
The 16-headed hydra bites you!
* * * LOW HITPOINT WARNING * * *
The 16-headed hydra closely misses you.
The 16-headed hydra bites you but does no damage. x2
The 16-headed hydra bites you!
* * * LOW HITPOINT WARNING * * *
The 16-headed hydra bites you.
* * * LOW HITPOINT WARNING * * *
The 16-headed hydra bites you!
You die...
Your body crumbles into a pile of gold.

▓_▓.▓.▓
▓_▓.▓.▓
$
▓_▓.▓.▓
$
▓_▓.▓.▓
$
▓_▓.▓.▓
$
▓_▓.▓l▓
$
▓_▓.▓F▓
$
▓_▓.▓D▓
$
▓_▓.▓@▓
$
▓_▓.▓$▓
$
▓_▓.▓.▓
$
▓_▓.▓.▓
$
▓_▓.▓.▓
$
▓_▓.▓.▓
▓_▓.▓.▓
$
▓_▓.▓.▓
$
▓_▓.▓.▓
$


You could see a 16-headed hydra, a basilisk and a bullfrog.

Vanquished Creatures
  A centaur warrior (D)
  A two-headed ogre (D)
  2 deep elf pyromancers (D)
  An elephant (D)
  A black mamba (D)
  4 cane toads (D)
  A troll (D)
  A wraith (D)
  A wyvern (D)
  A basilisk (D)
  3 yaks (D)
  3 water moccasins (D)
  A centaur (D)
  2 kobold brigands (D)
  3 bullfrogs (D)
  A scorpion (D)
  A howler monkey (D)
  An iguana (D)
  An adder (D)
  2 endoplasms (D)
  A giant cockroach (D)
  A hobgoblin (D)
  A ball python skeleton (D)
  A frilled lizard (D)
36 creatures vanquished.

Vanquished Creatures (others)
  A hydra (D)
1 creature vanquished.

Grand Total: 37 creatures vanquished

Notes
Turn   | Place    | Note
-------+----------+-------------------------------------------
     0 | D        | mhtbhm the Minotaur Fighter began the quest for the Orb.
     0 | D        | Reached XP level 1. HP: 19/19 MP: 0/0
   130 | D        | Noticed a scorpion
   130 | D        | Noticed an iguana
   130 | D        | Noticed a howler monkey
   136 | D        | Killed a howler monkey
   137 | D        | Reached skill level 5 in Fighting
   137 | D        | Reached skill level 4 in Long Blades
   137 | D        | Reached skill level 5 in Armour
   137 | D        | Reached skill level 5 in Shields
   137 | D        | Reached XP level 2. HP: 30/30 MP: 1/1
   137 | D        | Reached XP level 3. HP: 37/37 MP: 2/2
   141 | D        | Reached XP level 4. HP: 44/44 MP: 3/3
   148 | D        | Killed a scorpion
   149 | D        | Reached skill level 6 in Long Blades
   153 | D        | Found a snail-covered altar of Cheibriados.
   153 | D        | Found a shadowy altar of Dithmenos.
   153 | D        | Found a white marble altar of Elyvilon.
   153 | D        | Found a blossoming altar of Fedhas.
   153 | D        | Found an opulent altar of Gozag.
   154 | D        | Found a hazy altar of Hepliaklqana.
   155 | D        | Found a viscous altar of Jiyva.
   156 | D        | Found an ancient bone altar of Kikubaaqudgha.
   157 | D        | Found a corrupted altar of Lugonu.
   158 | D        | Found a burning altar of Makhleb.
   159 | D        | Found a sparkling altar of Nemelex Xobeh.
   160 | D        | Found an iron altar of Okawaru.
   161 | D        | Found a stormy altar of Qazlal.
   162 | D        | Found a sacrificial altar of Ru.
   163 | D        | Found a shimmering blue altar of Sif Muna.
   164 | D        | Found a bloodstained altar of Trog.
   169 | D        | Became a worshipper of Gozag Ym Sagoz the Greedy
   207 | D        | Found a hide-covered altar of Uskayaw.
   208 | D        | Found a radiant altar of Vehumet.
   209 | D        | Found an ornate altar of the Wu Jian Council.
   210 | D        | Found a shimmering altar of Xom.
   211 | D        | Found a basalt altar of Yredelemnul.
   212 | D        | Found a glowing silver altar of Zin.
   213 | D        | Found a glowing golden altar of the Shining One.
   260 | D        | Noticed a troll
   260 | D        | Noticed a kobold brigand
   260 | D        | Noticed a centaur
   260 | D        | Noticed a yak
   260 | D        | Noticed a wyvern
   260 | D        | Noticed a kobold brigand
   269 | D        | Killed a kobold brigand
   270 | D        | Reached skill level 7 in Long Blades
   270 | D        | Reached skill level 1 in Dodging
   270 | D        | Reached skill level 1 in Stealth
   270 | D        | Reached XP level 5. HP: 46/53 MP: 4/4
   275 | D        | Killed a wyvern
   276 | D        | Reached skill level 9 in Long Blades
   276 | D        | Reached XP level 6. HP: 21/62 MP: 5/5
   276 | D        | Killed a yak
   277 | D        | Reached skill level 10 in Long Blades
   280 | D        | Reached XP level 7. HP: 25/70 MP: 6/6
   283 | D        | Killed a troll
   284 | D        | Reached skill level 10 in Fighting
   284 | D        | Reached skill level 11 in Long Blades
   284 | D        | Reached skill level 1 in Evocations
   443 | D        | Noticed a deep elf pyromancer
   443 | D        | Noticed a two-headed ogre
   443 | D        | Noticed a wraith
   443 | D        | Noticed a deep elf pyromancer
   443 | D        | Noticed a centaur warrior
   443 | D        | Noticed a five-headed hydra
   464 | D        | Noticed a fire elemental
   465 | D        | Killed a five-headed hydra
   466 | D        | Reached skill level 13 in Long Blades
   466 | D        | Reached skill level 5 in Stealth
   466 | D        | Reached XP level 8. HP: 80/80 MP: 7/7
   468 | D        | Killed a centaur warrior
   469 | D        | Reached skill level 14 in Long Blades
   469 | D        | Reached skill level 10 in Armour
   476 | D        | Killed a deep elf pyromancer
   477 | D        | Reached skill level 15 in Long Blades
   477 | D        | Reached XP level 9. HP: 73/89 MP: 8/8
   484 | D        | Killed a two-headed ogre
   493 | D        | Killed a deep elf pyromancer
   494 | D        | Reached skill level 16 in Long Blades
   657 | D        | Noticed a cane toad
   657 | D        | Noticed a cane toad
   679 | D        | Killed a cane toad
   685 | D        | Noticed a cane toad
   686 | D        | Reached XP level 10. HP: 97/97 MP: 9/9
   692 | D        | Killed a cane toad
   693 | D        | Reached skill level 5 in Dodging
   693 | D        | Reached skill level 5 in Evocations
   706 | D        | Reached skill level 17 in Long Blades
   710 | D        | Killed a cane toad
   847 | D        | Noticed an elephant
   847 | D        | Noticed a black mamba
   847 | D        | Noticed a cane toad
   853 | D        | Noticed an eight-headed hydra
   865 | D        | Killed a cane toad
   875 | D        | Killed a black mamba
   888 | D        | Killed an elephant
   896 | D        | Slain by a 16-headed hydra

Illustrated notes

Levels and vault maps discovered:
D:        linesprint [early_d, line_temple, items_1, d_10, items_2, lair_1,
          lair_end, items_3, orc_1, orc_end, items_4, d_15, swamp_1, shoals_1,
          snake_1, spider_1, d_20, vaults_1, items_5, swamp_end, shoals_end,
          snake_end, spider_end, vaults_end, d_27, items_6, zot_1, zot_end,
          crypt_end, forest_end, elf_end, slime_end, tomb_end, abyss_end,
          pan_hell_end]

Skill      XL: |  1  2  3  4  5  6  7  8  9 10 |
---------------+-------------------------------+-----
Fighting       | 5 6 8 9 10 11 12 13 | 13.5
Armour         | 5 6 7 8 9 10 11 12 | 12.4
Shields        | 5 7 8 9 |  9.8
Long Blades    | 4 7 9 10 13 15 16 17 | 17.6
Dodging        | 1 2 3 4 5 |  5.6
Stealth        | 1 2 3 5 6 7 9 |  9.2
Evocations     | 2 3 4 5 |  5.8

Action                   |  1- 3 |  4- 6 |  7- 9 | 10-12 || total
-------------------------+-------+-------+-------+-------++-------
Melee: Long sword        |    15 |     8 |       |       ||    23
       Headbutt          |     1 |     2 |     7 |    17 ||    27
       Scimitar          |       |    13 |    39 |    68 ||   120
Invok: Potion Petition   |       |       |     1 |       ||     1
Evoke: Wand              |       |     4 |     6 |       ||    10
  Use: Potion            |     1 |     1 |     3 |       ||     5
 Stab: Invisible         |       |     5 |     3 |       ||     8
Armor: Scale mail        |     3 |     6 |     7 |    25 ||    41
Dodge: Dodged            |     1 |     6 |    13 |    31 ||    51
Block: Buckler           |     1 |     4 |     5 |    19 ||    29

Table legend: (Time is in decaauts)
 A = Elapsed time spent in this place.
 B = Non-inter-level travel time spent in this place.
 C = Inter-level travel time spent in this place.
 D = Time resting spent in this place.
 E = Time spent auto-exploring this place.
 F = Levels seen in this place.
 G = Mean time per level.
                   A        B        C        D        E       F      G
               +--------+--------+--------+--------+--------+-----+--------+
         Total |    856 |    856 |      0 |    408 |      3 |   1 |  856.0 |
       Dungeon |    856 |    856 |      0 |    408 |      3 |   1 |  856.0 |
               +--------+--------+--------+--------+--------+-----+--------+

Top non-repeatable levels by time:
       D: 856 daAuts
